 Dungeon Crawl Stone Soup version 0.30-a0-862-g1aabd4f9c5 (webtiles) character file.

Game seed: 12897492115203704477

261 cforsyth the Magician (level 5, -7/28 HPs)
             Began as a Deep Elf Earth Elementalist on Mar 8, 2023.
             Mangled by a wraith (13 damage)
             ... in an ossuary.
             The game lasted 00:05:22 (2648 turns).

cforsyth the Magician (Deep Elf Earth Elementalist) Turns: 2648, Time: 00:05:22

Health: -7/28      AC:  3    Str:  5    XL:     5   Next: 96%
Magic:  10/15      EV: 12    Int: 22    God:
Gold:   265        SH:  0    Dex: 15    Spells: 15/16 levels left

rFire   . . .      SeeInvis .    (no weapon)
rCold   + . .      Faith    .    (no shield)
rNeg    . . .      Spirit   .    o - +1 robe {Will+}
rPois   .          Reflect  .    (no helmet)
rElec   .          Rampage  .    (no cloak)
rCorr   .                        (no gloves)
Will    +....                    (no boots)
Stlth   ++                       (no amulet)
HPRegen 0.24/turn                p - ring of protection from cold
MPRegen 0.14/turn                u - ring of wizardry

@: slowed, very slow
A: no striking features
a: no special abilities


You were in an ossuary.
You visited 1 branch of the dungeon, and saw 4 of its levels.
You also visited: Ossuary.

You collected 265 gold pieces.

Inventory:

Armour
 e - a scarf of invisibility
 o - a +1 robe of willpower (worn)
Jewellery
 p - a ring of protection from cold (left hand)
 u - a ring of wizardry (right hand)
Scrolls
 a - a scroll of amnesia {unknown}
 c - 7 scrolls of identify
 d - 3 scrolls of teleportation {unknown}
 g - a scroll of vulnerability {unknown}
 h - a scroll of silence {unknown}
 j - 4 scrolls of enchant armour {unknown}
 l - 4 scrolls of enchant weapon {unknown}
 m - a scroll of magic mapping {unknown}
 n - a scroll of poison {unknown}
 q - 4 scrolls of fear {unknown}
Potions
 b - 2 potions of magic
 f - 3 potions of curing
 i - 2 potions of flight {unknown}
 k - 2 potions of berserk rage {unknown}
 r - a potion of heal wounds {unknown}
 s - a potion of might {unknown}
 t - 3 potions of brilliance
 v - 2 potions of lignification {unknown}


   Skills:
 - Level 2.4 Dodging
 - Level 2.4 Stealth
 + Level 6.3 Spellcasting
 - Level 1.1 Transmutations
 + Level 5.6 Earth Magic


You had 15 spell levels left.
You knew the following spells:

 Your Spells              Type           Power      Damage    Failure   Level
a - Sandblast             Erth           64%        2d14      1%          1

Your spell library contained the following spells:

 Spells                   Type           Power      Damage    Failure   Level
 Passwall                 Tmut/Erth      17%        N/A       1%          2
 Stone Arrow              Conj/Erth      38%        3d9       3%          3
 Petrify                  Tmut/Erth      21%        N/A       9%          4


Dungeon Overview and Level Annotations

Branches:
Dungeon (4/15)            Ossuary (1/1)
 Temple: D:4-7

Altars:

Shops:
D:2 (


Message History

You destroy the orc skeleton!
You start resting.
HP restored.
You start resting.
A wraith is nearby!
There is an open door here.
Unknown command.
You can't see any susceptible monsters within range! (Use Z to cast anyway.)
Okay, then.
Okay, then.
Unknown command.
As you read the scroll labelled UPEAMO SIST, it crumbles to dust.
It is a scroll of identify.
f - 3 potions of curing You can't see any susceptible monsters within range! (Use Z to cast anyway.)
As you read the scroll of identify, it crumbles to dust.
t - 3 potions of brilliance The blast of sand hits the wraith but does no damage.
The blast of sand hits the wraith!
The wraith is heavily damaged.
The blast of sand hits the wraith.
The wraith is heavily damaged.
The wraith hits you but does no damage.
The blast of sand hits the wraith!
The wraith is severely damaged.
The wraith hits you! The wraith misses you.
The blast of sand hits the wraith but does no damage.
The wraith is severely damaged.
The wraith hits you!
* * * LOW HITPOINT WARNING * * *
The wraith drains your vigour!
You feel yourself slow down.
Casting: Sandblast (safe; 1% risk of failure)
Confirm with . or Enter, or press ? or * to list all spells.
Aiming: Sandblast (safe; 1% risk of failure)
Press: ? - help, Shift-Dir - straight line, f/p - wraith
Aim: a wraith (severely damaged, 84% to hit)
The blast of sand hits the wraith but does no damage.
The wraith is severely damaged.
The wraith hits you!
You die...

########### #.........
#.∩...... #.......
####+ #......##.... ..
#.....##...##+##..
#....##...##...##.
#....#W..##.!!..## .
#....@...#.?W???.# ..
#....#...##..!..##...
#....##...##...##...##
#.....##...#####...##.
#..... ##.........##..
#.......#####'#####...
#.∩...................
#.....................
######'''#######


You could see a wraith.

Vanquished Creatures
  An ogre (D:4)
  A mummy (Ossuary)
  4 gnolls
  4 adders
  2 worms (D:2)
  A dart slug (D:3)
  An orc (D:3)
  6 ball pythons
  4 endoplasms
  3 giant cockroaches
  4 goblins
  10 hobgoblins
  6 jackals (D:1)
  7 kobolds
  A quokka (D:3)
  4 bats
  3 frilled lizards
  5 gnoll skeletons (Ossuary)
  7 kobold skeletons (Ossuary)
  9 orc skeletons (Ossuary)
  8 rats
91 creatures vanquished.

Notes
Turn   | Place    | Note
-------+----------+-------------------------------------------
     0 | D:1      | cforsyth the Deep Elf Earth Elementalist began the quest
                  | for the Orb.
     0 | D:1      | Reached XP level 1. HP: 10/10 MP: 6/6
    21 | D:1      | Reached XP level 2. HP: 15/15 MP: 3/8
   262 | D:1      | Reached skill level 4 in Spellcasting
   299 | D:1      | Reached XP level 3. HP: 19/19 MP: 6/10
  1087 | D:2      | Found Hobukele's Weapon Emporium.
  1614 | D:3      | Reached XP level 4. HP: 24/24 MP: 10/12
  2017 | D:3      | Reached skill level 5 in Spellcasting
  2293 | D:3      | Found a faded altar of an unknown god.
  2348 | D:4      | Found a sand-covered staircase.
  2357 | D:4      | Noticed an ogre
  2371 | D:4      | Killed an ogre
  2372 | D:4      | Reached skill level 5 in Earth Magic
  2372 | D:4      | Reached XP level 5. HP: 28/28 MP: 11/15
  2374 | D:4      | Reached skill level 6 in Spellcasting
  2439 | Ossuary  | Entered an ossuary
  2439 | Ossuary  | Noticed a wraith
  2439 | Ossuary  | Noticed a wraith
  2439 | Ossuary  | Noticed a wraith
  2516 | Ossuary  | Noticed a wraith
  2648 | Ossuary  | Mangled by a wraith

Illustrated notes

Levels and vault maps discovered:
D:1:      moated_graveyard_arrival, layout_rooms
D:2:      layout_basic, serial_shops, nicolae_shop_behind_doors,
          item_on_display_a
D:3:      layout_loops_cross, dreamdust_ecumenical_altar_hidden_monk_grotto
D:4:      layout_rooms, kennysheep_little_box, zin_purify,
          mainiacjoe_overflow_swirl, lightli_ossuary_entry_decrepit_ruins,
          serial_shops, nicolae_shop_window_shopping
Ossuary:  ossuary_due_mausoleum

Skill      XL: |  1  2  3  4  5 |
---------------+----------------+-----
Spellcasting   | 4 5 6 |  6.3
Earth Magic    | 4 5 |  5.6
Dodging        | |  2.4
Stealth        | |  2.4
Transmutations | |  1.1

Action                     |  1- 3 |  4- 6 || total
---------------------------+-------+-------++-------
  Melee: Unarmed           |     4 |     3 ||     7
   Cast: Sandblast         |    60 |    67 ||   127
    Use: Scroll            |       |     2 ||     2
 Armour: Robe              |     9 |     8 ||    17
  Dodge: Dodged            |    25 |    16 ||    41

Table legend: (Time is in decaauts)
 A = Elapsed time spent in this place.
 B = Non-inter-level travel time spent in this place.
 C = Inter-level travel time spent in this place.
 D = Time resting spent in this place.
 E = Time spent auto-exploring this place.
 F = Levels seen in this place.
 G = Mean time per level.
                   A        B        C        D        E       F      G
               +--------+--------+--------+--------+--------+-----+--------+
         Total |   2709 |   2570 |    139 |    151 |   1910 |   5 |  541.8 |
       Dungeon |   2482 |   2343 |    139 |     50 |   1910 |   4 |  620.5 |
       Ossuary |    226 |    226 |      0 |    101 |      0 |   1 |  226.0 |
               +--------+--------+--------+--------+--------+-----+--------+

Top non-repeatable levels by time:
     D:1: 815 daAuts
     D:2: 807 daAuts
     D:3: 748 daAuts
 Ossuary: 226 daAuts
     D:4: 111 daAuts
